 Dungeon Crawl Stone Soup version 0.30.1-9-gdf580d7c3d (webtiles) character file.

Game seed: 8205385869318888013

20 jfcaron the Digger (level 3, 0/26 HPs)
             Began as a Meteoran Earth Elementalist on Oct 25, 2023.
             Slain by a gnoll
             ... wielding a +0 halberd
              (7 damage)
             ... on level 2 of the Dungeon.
             The game lasted 00:02:34 (239 turns).

jfcaron the Digger (Meteoran Earth Elementalist)     Turns: 239, Time: 00:02:35

Health: 0/26       AC:  3    Str: 10    XL:     3   Next: 14%
Magic:  0/8        EV:  7    Int: 18    God:
Gold:   49         SH:  0    Dex: 22    Spells: 5/8 levels left

rFire   . . .        (no weapon)
rCold   . . .        (no shield)
rNeg    . . .        a - +0 robe
rPois   .            (no helmet)
rElec   .            (no cloak)
rCorr   .            (no gloves)
SInv    .            e - +0 pair of boots
Will    .....        (no amulet)
Stlth   ++           f - ring of wizardry
HPRegen 0.24/turn    g - +6 ring of dexterity
MPRegen 0.11/turn

%: wizardry (x1)
@: held, glowing
A: sense surroundings 1, otherworldly, glowing, explore regen, hooves 1, thin
skeletal structure 1, wild magic 1
a: no special abilities


You were on level 2 of the Dungeon.
You visited 1 branch of the dungeon, and saw 3 of its levels.

You collected 49 gold pieces.

Inventory:

Armour
 a - a +0 robe (worn)
 e - a +0 pair of boots (worn)
Jewellery
 f - a ring of wizardry (left hand)
   (You found it on level 3 of the Dungeon)
 g - a +6 ring of dexterity (right hand)
   (You found it on level 3 of the Dungeon)
Scrolls
 c - a scroll of brand weapon {unknown}
 h - a scroll of magic mapping {unknown}
 i - a scroll of identify {unknown}
Potions
 b - a potion of magic


   Skills:
 + Level 2.8 Dodging
 + Level 1.6 Stealth
 - Level 3.0 Spellcasting
 + Level 1.8 Transmutations
 + Level 3.9 Earth Magic


You had 5 spell levels left.
You knew the following spells:

 Your Spells              Type           Power      Damage    Failure   Level
a - Sandblast             Erth           42%        2d11      2%          1
b - Passwall              Tmut/Erth      13%        N/A       4%          2

Your spell library contained the following spells:

 Spells                   Type           Power      Damage    Failure   Level
 Stone Arrow              Conj/Erth      24%        3d8       12%         3
 Petrify                  Tmut/Erth      16%        N/A       26%         4


Dungeon Overview and Level Annotations

Branches:
Dungeon (3/15) Zot: 1552

Altars:


Innate Abilities, Weirdness & Mutations

You passively map a small area around you.
You are easily found by Zot.
You glow in the dark.
You regain HP and MP as you explore.
You have large cloven feet.
You have a somewhat thin skeletal structure. (Dex +2, Stealth+)
Your spells are a little harder to cast, but a little more powerful.


Message History

You kill the kobold!
The gnoll throws a throwing net.
The throwing net hits you.
You become entangled in the net!
Casting: Sandblast (safe; 1% risk of failure)
Confirm with . or Enter, or press ? or * to list all spells.
Aiming: Sandblast (safe; 1% risk of failure)
Press: ? - help, Shift-Dir - straight line, f - gnoll
Aim: a gnoll, wielding a +0 halberd (84% to hit)
The blast of sand hits the gnoll.
The gnoll is moderately wounded.
A kobold comes into view. It is wielding a +0 dagger.
A gnoll comes into view. It is wielding a +0 club.
The gnoll barely misses you.
The kobold moves out of view.
Casting: Sandblast (safe; 1% risk of failure)
Confirm with . or Enter, or press ? or * to list all spells.
Aiming: Sandblast (safe; 1% risk of failure)
Press: ? - help, Shift-Dir - straight line, f/p - gnoll
Aim: a gnoll, wielding a +0 halberd (moderately wounded, 84% to hit)
The blast of sand hits the gnoll.
The gnoll is moderately wounded.
The gnoll hits you from afar with a +0 halberd!
Casting: Sandblast (safe; 1% risk of failure)
Confirm with . or Enter, or press ? or * to list all spells.
Aiming: Sandblast (safe; 1% risk of failure)
Press: ? - help, Shift-Dir - straight line, f/p - gnoll
Aim: a gnoll, wielding a +0 halberd (moderately wounded, 84% to hit)
The blast of sand hits the gnoll!
The gnoll is almost dead.
The gnoll hits you from afar with a +0 halberd.
The gnoll hits you from afar with a +0 halberd!
* * * LOW HITPOINT WARNING * * *
Casting: Sandblast (safe; 1% risk of failure)
Confirm with . or Enter, or press ? or * to list all spells.
You don't have enough magic to cast this spell.
Unknown command.
It was a potion of mutation.
You feel extremely strange.
Your feet thicken and deform.
You feel less in control of your magic.
Your bones become slightly less dense.
The gnoll hits you from afar with a +0 halberd!
You die...

......# #.#
.... #.# *,...
**... * ...,*
* * * #.# ,* ,
#.#** *
**###g# , ,,*
#.#)# *
##.###.#@# * ,
.....g...#
#####.###..##
#..........#
#.#...####.###
#............#
*
#..........#.#
*
#.....######.#
#............#


You could see 2 gnolls.

Vanquished Creatures
  A gnoll (D:2)
  2 endoplasms
  2 goblins
  A hobgoblin (D:2)
  A bat (D:3)
  2 kobolds (D:2)
  2 rats
11 creatures vanquished.

Notes
Turn   | Place    | Note
-------+----------+-------------------------------------------
     0 | D:1      | jfcaron the Meteoran Earth Elementalist began the quest for
                  | the Orb.
     0 | D:1      | Reached XP level 1. HP: 14/14 MP: 5/5
     6 | D:1      | You fall into a shaft and drop 1 floor!
   167 | D:3      | Reached XP level 2. HP: 20/20 MP: 4/6
   171 | D:3      | Learned a level 2 spell: Passwall
   233 | D:2      | Reached XP level 3. HP: 26/26 MP: 4/8
   239 | D:2      | Gained mutation: You have large cloven feet. [potion of
                  | mutation]
   239 | D:2      | Gained mutation: Your spells are a little harder to cast,
                  | but a little more powerful. [potion of mutation]
   239 | D:2      | Gained mutation: You have a somewhat thin skeletal
                  | structure. (Dex +2, Stealth+) [potion of mutation]
   239 | D:2      | Slain by a gnoll

Illustrated notes

Levels and vault maps discovered:
D:1:      dpeg_arrival_central, layout_basic
D:2:      layout_basic, hex_intersection, dreamdust_princess_corridor,
          uniq_jessica
D:3:      layout_rooms, beargit_hepliaklqana_dungeon_heroes,
          nicolae_goblin_pals, uniq_robin

Skill      XL: |  1  2 |
---------------+-------+-----
Spellcasting   | 3 |  3.0
Dodging        | |  2.8
Stealth        | |  1.6
Transmutations | |  1.8
Earth Magic    | |  3.9

Action                     || total
---------------------------++-------
  Melee: Unarmed           ||     2
   Cast: Sandblast         ||    18
    Use: Scroll            ||     1
         Potion            ||     1
 Armour: Robe              ||     1
  Dodge: Dodged            ||     1

Table legend: (Time is in decaauts)
 A = Elapsed time spent in this place.
 B = Non-inter-level travel time spent in this place.
 C = Inter-level travel time spent in this place.
 D = Time resting spent in this place.
 E = Time spent auto-exploring this place.
 F = Levels seen in this place.
 G = Mean time per level.
                   A        B        C        D        E       F      G
               +--------+--------+--------+--------+--------+-----+--------+
         Total |    246 |    246 |      0 |      0 |      0 |   3 |   82.0 |
       Dungeon |    246 |    246 |      0 |      0 |      0 |   3 |   82.0 |
               +--------+--------+--------+--------+--------+-----+--------+

Top non-repeatable levels by time:
     D:2: 144 daAuts
     D:3: 96 daAuts
     D:1: 6 daAuts

Table legend:
 A = Kills in this place as a percentage of kills in the entire game.
 B = Kills by you in this place as a percentage of kills by you in the entire game.
 C = Kills by friends in this place as a percentage of kills by friends in the entire game.
 D = Other kills in this place as a percentage of other kills in the entire game.
 E = Experience gained in this place as a percentage of experience gained in the entire game.
 F = Experience gained in this place divided by the number of levels of this place that you have seen.
                   A       B       C       D       E      F
               +-------+-------+-------+-------+-------+----------------------
         Total | 100.0 | 100.0 |   N/A |   N/A | 100.0 |   9.7
       Dungeon | 100.0 | 100.0 |   N/A |   N/A | 100.0 |   9.7
               +-------+-------+-------+-------+-------+----------------------

Levels and vault maps discovered:
D:1:      dpeg_arrival_central, layout_basic
D:2:      layout_basic, hex_intersection, dreamdust_princess_corridor,
          uniq_jessica
D:3:      layout_rooms, beargit_hepliaklqana_dungeon_heroes,
          nicolae_goblin_pals, uniq_robin
